 Dungeon Crawl Stone Soup version 0.29.1-13-g9f3cf754e1 (webtiles) character file.

Game seed: 11232380352395339255

49863 nightchill the Stormcaller (level 14, -4/88 HPs)
             Began as a Tengu Conjurer on Feb 1, 2023.
             Was a High Priest of Vehumet.
             Shot with an arrow by Nessos (20 damage)
             ... on level 2 of the Orcish Mines on Feb 3, 2023.
             The game lasted 02:01:08 (27729 turns).

nightchill the Stormcaller (Tengu Conjurer)        Turns: 27729, Time: 02:01:09

Health: -4/88      AC:  6    Str:  8    XL:     14   Next: 52%
Magic:  17/38      EV: 17    Int: 23    God:    Vehumet [*****.]
Gold:   1974       SH:  0    Dex: 13    Spells: 6/33 levels left

rFire   . . .      SeeInvis .   b - +2 sling (flame)
rCold   + . .      Faith    .   (no shield)
rNeg    . . .      Spirit   .   K - +2 robe {rC+}
rPois   .          Reflect  .   l - +0 hat
rElec   .          Harm     .   q - +0 cloak
rCorr   .          Rampage  .   R - +0 pair of gloves
Will    +....                   (boots unavailable)
Stlth   ++++......              S - amulet of the acrobat
HPRegen 0.24/turn               J - ring of magical power
MPRegen 0.26/turn               H - ring of wizardry

@: flying quickly and evasively, quick
A: beak, talons 3, nimble flight
a: Renounce Religion


You were on level 2 of the Orcish Mines.
You worshipped Vehumet.
Vehumet was extremely pleased with you.
You visited 4 branches of the dungeon, and saw 19 of its levels.

You collected 2274 gold pieces.
You spent 300 gold pieces at shops.

Inventory:

Hand Weapons
 a - a +1 whip of electrocution
 b - a +2 sling of flaming (weapon)
Missiles
 r - 3 curare-tipped darts
 y - 31 poisoned darts
Armour
 l - a +0 hat (worn)
 q - a +0 cloak (worn)
 v - the +4 robe of the Shining Light {Will++ Dex-5 Stlth+}
   (You found it on level 2 of the Lair of Beasts)

   Dex:       It affects your dexterity (-5).
   Will:      It greatly increases your willpower.
   Stlth:     It makes you more stealthy.
 K - a +2 robe of cold resistance (worn)
 R - a +0 pair of gloves (worn)
Magical Staves
 B - a staff of fire
 C - a staff of death
Jewellery
 c - a ring of see invisible
 H - a ring of wizardry (right hand)
 J - a ring of magical power (left hand)
 S - an amulet of the acrobat (around neck)
 V - a ring of ice
Wands
 i - a wand of flame (5)
 L - a wand of polymorph (6)
 N - a wand of light (11)
 Q - a wand of iceblast (28)
 W - a wand of paralysis (10)
Scrolls
 e - 2 scrolls of amnesia
 g - 3 scrolls of butterflies
 h - 4 scrolls of poison
 m - a scroll of silence {unknown}
 o - 5 scrolls of immolation
 p - a scroll of brand weapon
 w - 8 scrolls of fear
 z - a scroll of magic mapping {unknown}
 D - 5 scrolls of teleportation
 F - 3 scrolls of enchant weapon {unknown}
 M - a scroll of noise {unknown}
 O - 3 scrolls of enchant armour {unknown}
 P - 2 scrolls of torment {unknown}
 U - 2 scrolls of identify
 X - 3 scrolls of vulnerability {unknown}
 Z - a scroll of summoning {unknown}
Potions
 d - 6 potions of haste
 f - 5 potions of mutation
 j - a potion of magic
 k - 3 potions of heal wounds
 n - 4 potions of lignification
 s - a potion of invisibility
 t - 3 potions of brilliance
 x - 2 potions of curing
 A - 5 potions of attraction
 E - 3 potions of might
 G - a potion of berserk rage {unknown}
 I - 2 potions of ambrosia {unknown}
 T - a potion of resistance {unknown}
Miscellaneous
 Y - a box of beasts


   Skills:
 + Level 10.1 Fighting
 - Level 5.0 Armour
 - Level 6.0 Dodging
 + Level 9.5 Stealth
 + Level 10.3 Spellcasting
 * Level 15.9 Conjurations
 - Level 2.0 Hexes
 * Level 15.9 Air Magic


You had 6 spell levels left.
You knew the following spells:

 Your Spells              Type           Power      Damage    Failure   Level
a - Magic Dart            Conj           100%       1d8       0%          1
b - Searing Ray           Conj           100%       2d8       0%          2
c - Fulminant Prism       Conj/Hex       26%        3d14      1%          4
d - Iskenderun's Mystic   Conj/Tloc      48%        2d11      1%          4
e - Mephitic Cloud        Conj/Pois/Air  57%        N/A       1%          3
f - Freezing Cloud        Conj/Ice/Air   28%        6-21      1%          5
g - Maxwell's Capacitive  Air            35%        ∞         6%          8

Your spell library contained the following spells:

 Spells                   Type           Power      Damage    Failure   Level
 Sandblast                Erth           22%        2d7       1%          1
 Slow                     Hex            84%        N/A       1%          1
 Dazzling Flash           Conj/Hex       100%       N/A       1%          3
 Stone Arrow              Conj/Erth      96%        3d13      1%          3
 Summon Lightning Spire   Summ/Air       48%        N/A       1%          4
 Irradiate                Conj/Tmut      24%        3d19      1%          5
 Conjure Ball Lightning   Conj/Air       35%        3x3d11    1%          6
 Apportation              Tloc           22%        N/A       2%          1
 Necrotise                Necr           44%        1d6       2%          1
 Summon Small Mammal      Summ           44%        N/A       2%          1
 Ignite Poison            Fire/Tmut/Pois 11%        N/A       2%          3
 Passwall                 Tmut/Erth      9%         N/A       3%          2
 Sublimation of Blood     Necr           11%        N/A       3%          2
 Confusing Touch          Hex            21%        N/A       3%          3
 Ozocubu's Armour         Ice            11%        N/A       7%          3
 Vampiric Draining        Necr           11%        2d6       7%          3
 Petrify                  Tmut/Erth      11%        N/A       22%         4
 Storm Form               Tmut/Air       24%        N/A       54%         7
 Chain Lightning          Conj/Air       35%        3d47      56%         9
 Ozocubu's Refrigeration  Ice            5%         4d8       97%         7
 Fire Storm               Conj/Fire      24%        8d6       100%        9
 Shatter                  Erth           5%         3d8*      100%        9


Dungeon Overview and Level Annotations

Branches:
Dungeon (12/15)            Temple (1/1) D:7            Lair (4/5) D:10
 Shoals (0/4) Lair:2        Snake (0/4) Lair:3          Orc (2/2) D:12
    Elf (0/3) Orc:2
  Slime: Lair:4-5

Altars:
Ashenzari
Cheibriados
Dithmenos
Elyvilon
Fedhas
Gozag
Hepliaklqana
Kikubaaqudgha
Makhleb
Nemelex Xobeh
Okawaru
Qazlal
Ru
Sif Muna
Trog
Uskayaw
Vehumet
Wu Jian
Xom
Yredelemnul
Zin
The Shining One

Shops:
D:3 !   D:5 ?*   D:8 :   D:10 =*   Orc:2 =

Annotations:
D:4 1 transporter, exclusion: 2 downstairs, gargbit's ghost, amateur DsGl
D:5 exclusion: 2 downstairs, Sigmund
D:6 exclusion: downstairs
D:11 !careful and slow, Snorg
Lair:1 exclusion: downstairs
Lair:2 exclusions: door and downstairs
Orc:1 exclusion: downstairs
Orc:2 Nessos


Innate Abilities, Weirdness & Mutations

You have a beak for a mouth.
You have claws for feet.
Your magical nature lets you fly swiftly and evasively.


Message History

* * * LOW HITPOINT WARNING * * *
The arrow burns you.
* * * LOW HITPOINT WARNING * * *
As you read the scroll of butterflies, it crumbles to dust.
You hear the tinkle of a tiny bell.
Nessos is engulfed in freezing vapours.
Your butterfly is engulfed in freezing vapours.
You kill your butterfly!
Your butterfly disappears in a burst of colours!
Nessos is engulfed in freezing vapours.
Nessos mumbles some strange words.
Nessos blinks!
Things that are here:
a +0 robe; a +0 halberd
Items here: ))) [.
Items here: ( ))) [[[.
You swap places.
Nessos intently looks at you, slowly moving their tail.
Your butterfly is engulfed in freezing vapours.
You kill your butterfly!
Your butterfly disappears in a burst of colours!
Nessos stands on their hind legs for a moment.
Nessos wields a +3 longbow of flaming.
It bursts into flame!
Nessos shoots an arrow.
The arrow closely misses you.
You feel much better.
Nessos shoots an arrow.
The arrow hits you!
* * * LOW HITPOINT WARNING * * *
The arrow burns you.
You are lethally poisoned!
* * * LOW HITPOINT WARNING * * *
Your butterfly is engulfed in freezing vapours.
You kill your butterfly!
Your butterfly disappears in a burst of colours!
Nessos shoots an arrow.
The arrow hits you!
* * * LOW HITPOINT WARNING * * *
The arrow burns you.
* * * LOW HITPOINT WARNING * * *
You feel better.
Nessos says, "Even if you were a mare, I'd kill you!"
Nessos shoots an arrow.
The arrow hits you!!
You die...

..###.......##.#..........##
..##......§§§.)........[.)<##
............§........[..[...##
.............bb...c..#.......#
......##...[.b[b..#..[)......##
.......#.###bb)[####.###......#
..............)[c##[##......#.#
......##.....b)[[)#[##......###
..............##@...#).......#
>.............#)[[).......#.##
..###.......####[.........###
.## ##.....## #<.).....#.## ##
#......# ##..#.......# ###..#.#
#####.....## ###### #..###.##
##.# ### ###


You could see Nessos (fast, ally target).

Vanquished Creatures
  2 hydras
  An ogre mage (Orc:2)
  10 two-headed ogres
  Erica (Orc:1)
  4 orc high priests
  Sonja (D:10)
  2 orc knights
  Pikel (D:8)
  5 ugly things (D:11)
  5 orc sorcerers
  3 cyclopes
  An elephant (Lair:1)
  3 black mambas
  7 cane toads
  A torpor snail (Lair:1)
  3 rime drakes
  7 komodo dragons
  8 kobold demonologists
  A polar bear (Lair:1)
  5 trolls
  Grinder (D:5)
  3 blink frogs (Lair:2)
  5 slime creatures
  2 shadows
  2 water elementals (D:11)
  10 wyverns
  Eustachio (D:6)
  2 wraiths
  A basilisk (Lair:3)
  5 vampire mosquitoes (D:12)
  49 yaks
  A naga (Lair:3)
  4 wargs (Orc:2)
  11 water moccasins
  35 orc warriors
  An ice beast (D:5)
  3 black bears
  16 ogres
  3 centaurs
  A wolf (Lair:1)
  3 lemures (D:8)
  A phantom (D:6)
  5 kobold brigands
  8 bullfrogs
  A gnoll sergeant (D:6)
  4 scorpions
  10 wights (D:8)
  14 killer bees
  3 howler monkeys (D:12)
  3 electric eels
  A jelly (D:6)
  3 hounds
  10 orc priests
  4 iguanas
  26 orc wizards
  Robin (D:2)
  6 adders
  4 gnolls (D:6)
  2 shadow imps
  13 white imps
  2 worms (D:3)
  2 dart slugs
  71 orcs
  7 endoplasms
  8 giant cockroaches
  2 hobgoblins (D:2)
  3 jackals
  30 kobolds
  2 quokkas
  8 ball pythons
  5 bats
  3 frilled lizards (D:3)
  12 goblins
  4 rats
  A fulminant prism (Lair:4)
509 creatures vanquished.

Vanquished Creatures (others)
  11 ball lightnings (Orc:2)
  145 fulminant prisms
  58 fungi
  69 plants
  2 withered plants (D:6)
285 creatures vanquished.

Grand Total: 794 creatures vanquished

Notes
Turn   | Place    | Note
-------+----------+-------------------------------------------
     0 | D:1      | nightchill the Tengu Conjurer began the quest for the Orb.
     0 | D:1      | Reached XP level 1. HP: 10/10 MP: 4/4
    89 | D:1      | Reached XP level 2. HP: 11/15 MP: 1/6
   478 | D:1      | Learned a level 2 spell: Searing Ray
   763 | D:1      | Reached XP level 3. HP: 19/19 MP: 4/7
   862 | D:1      | You fall into a shaft and drop 1 floor!
   862 | D:2      | Found a faded altar of an unknown god.
  1104 | D:2      | Noticed Robin
  1130 | D:2      | Killed Robin
  1150 | D:2      | Reached XP level 4. HP: 19/24 MP: 2/8
  1845 | D:2      | Learned a level 4 spell: Fulminant Prism
  2664 | D:3      | Found Wan Wug's Distillery.
  2689 | D:3      | Gained mutation: Your magical nature lets you fly swiftly
                  | and evasively. [Tengu growth]
  2689 | D:3      | Reached XP level 5. HP: 26/28 MP: 4/10
  3339 | D:4      | Noticed an ogre
  3340 | D:4      | Found a transporter.
  3340 | D:4      | Noticed gargbit's ghost (amateur DsGl)
  3340 | D:4      | Noticed an ogre
  3403 | D:4      | Noticed a water moccasin
  3412 | D:4      | Killed a water moccasin
  3413 | D:4      | Reached XP level 6. HP: 12/32 MP: 2/11
  3933 | D:4      | Learned a level 4 spell: Iskenderun's Mystic Blast
  4358 | D:5      | Entered Level 5 of the Dungeon
  4366 | D:5      | Reached XP level 7. HP: 30/36 MP: 6/13
  4580 | D:5      | Noticed an air elemental
  4582 | D:5      | Found a stormy altar of Qazlal.
  4586 | D:5      | Noticed a fire elemental
  4586 | D:5      | Noticed a water elemental
  4593 | D:5      | Found Luijuyca's Overcharged Wands.
  4593 | D:5      | Noticed Sigmund
  4762 | D:5      | Found Gichiom's Magic Scroll Emporium.
  4888 | D:5      | Reached skill level 1 in Fighting
  4888 | D:5      | Reached XP level 8. HP: 43/43 MP: 9/15
  5129 | D:5      | Reached skill level 1 in Hexes
  5409 | D:6      | Noticed a yak
  5409 | D:6      | Noticed a yak
  5409 | D:6      | Noticed a yak
  5409 | D:6      | Noticed a yak
  5501 | D:6      | Noticed Grinder
  5579 | D:5      | Killed Grinder
  5718 | D:6      | Killed a yak
  5719 | D:6      | Reached skill level 10 in Conjurations
  5720 | D:6      | Killed a yak
  5802 | D:5      | Killed a yak
  5803 | D:5      | Reached skill level 5 in Spellcasting
  6007 | D:5      | Killed a yak
  6008 | D:5      | Reached XP level 9. HP: 40/51 MP: 10/17
  7134 | D:6      | Found a basalt altar of Yredelemnul.
  7139 | D:6      | Learned a level 3 spell: Mephitic Cloud
  7157 | D:6      | Identified the +0 ring mail "Evvimaje" {rPois rN+ Will+}
  7221 | D:6      | Noticed Eustachio
  7243 | D:6      | Killed Eustachio
  7244 | D:6      | Reached skill level 1 in Air Magic
  7791 | D:7      | Found a staircase to the Ecumenical Temple.
  7802 | Temple   | Entered the Ecumenical Temple
  7813 | Temple   | Became a worshipper of Vehumet
  7872 | D:7      | Reached skill level 5 in Fighting
  7872 | D:7      | Reached XP level 10. HP: 41/59 MP: 12/20
  7991 | D:7      | Noticed a kobold demonologist
  7998 | D:7      | Noticed a kobold demonologist
  8000 | D:7      | Noticed a kobold demonologist
  8009 | D:7      | Killed a kobold demonologist
  8010 | D:7      | Reached skill level 5 in Stealth
  8015 | D:7      | Killed a kobold demonologist
  8160 | D:7      | Killed a kobold demonologist
  8292 | D:7      | Found a bloodstained altar of Trog.
  8295 | D:7      | Identified the +7 chain mail of Marbles {Int+3}
  8400 | D:7      | Noticed a kobold demonologist
  8408 | D:7      | Killed a kobold demonologist
  8773 | D:8      | Noticed Pikel
  8789 | D:8      | Killed Pikel
  8790 | D:8      | Reached skill level 5 in Air Magic
  8965 | D:8      | Reached * piety under Vehumet
  8965 | D:8      | Offered knowledge of Foxfire by Vehumet.
  9157 | D:8      | Noticed a two-headed ogre
  9173 | D:8      | Killed a two-headed ogre
  9246 | D:8      | Learned a level 5 spell: Freezing Cloud
  9282 | D:8      | Found a shadowy altar of Dithmenos.
  9284 | D:8      | Found a sacrificial altar of Ru.
  9668 | D:8      | Identified the +10 battleaxe of Ziuquntu {freeze, rCorr}
 10093 | D:8      | Found Vookhlec's Book Shoppe.
 10256 | D:9      | Reached XP level 11. HP: 64/64 MP: 22/22
 10311 | D:9      | Reached skill level 1 in Armour
 11010 | D:9      | Offered knowledge of Scorch by Vehumet.
 11235 | D:9      | Reached ** piety under Vehumet
 11955 | D:10     | Entered Level 10 of the Dungeon
 11955 | D:10     | Found Tinih's Jewellery Boutique.
 11958 | D:10     | Bought an amulet of the acrobat for 300 gold pieces
 11975 | D:10     | Found Fopetirgh's Assorted Antiques.
 12679 | D:10     | Found a staircase to the Lair.
 12825 | D:10     | Reached skill level 5 in Dodging
 13266 | D:10     | Noticed Sonja
 13286 | D:10     | Killed Sonja
 13977 | Lair:1   | Entered Level 1 of the Lair of Beasts
 15154 | Lair:1   | Offered knowledge of Poisonous Vapours by Vehumet.
 15169 | Lair:1   | Reached skill level 10 in Air Magic
 15169 | Lair:1   | Reached XP level 12. HP: 25/72 MP: 9/25
 16296 | Lair:2   | Reached skill level 15 in Conjurations
 16410 | Lair:2   | Reached *** piety under Vehumet
 16596 | Lair:2   | Found a staircase to the Shoals.
 16879 | Lair:2   | Identified the +4 robe of the Shining Light {Will++ Dex-5
                  | Stlth+}
 17727 | Lair:3   | Noticed a seven-headed hydra
 17960 | Lair:3   | Killed a seven-headed hydra
 17965 | Lair:3   | Offered knowledge of Olgreb's Toxic Radiance by Vehumet.
 18589 | Lair:3   | Found a staircase to the Snake Pit.
 19206 | Lair:4   | Found a frozen archway.
 19290 | Lair:4   | Reached XP level 13. HP: 14/79 MP: 5/26
 19629 | Lair:4   | Reached **** piety under Vehumet
 20791 | D:11     | Offered knowledge of Sticky Flame by Vehumet.
 21493 | D:11     | Reached skill level 5 in Armour
 21779 | D:11     | Noticed Snorg
 22845 | D:12     | Found a staircase to the Orcish Mines.
 23575 | D:12     | Reached ***** piety under Vehumet
 23807 | D:12     | Offered knowledge of Flame Wave by Vehumet.
 24001 | D:12     | Learned a level 8 spell: Maxwell's Capacitive Coupling
 24039 | Orc:1    | Entered Level 1 of the Orcish Mines
 24043 | Orc:1    | Paralysed by an orc sorcerer for 2 turns
 24545 | Orc:1    | Noticed Erica
 24551 | Orc:1    | Killed Erica
 24724 | Orc:1    | Reached skill level 15 in Air Magic
 24730 | Orc:1    | Reached XP level 14. HP: 64/87 MP: 11/28
 25423 | Orc:1    | Reached skill level 10 in Spellcasting
 25580 | Orc:2    | Entered Level 2 of the Orcish Mines
 26429 | Orc:2    | Reached skill level 10 in Fighting
 26645 | Orc:2    | Found a staircase to the Elven Halls.
 26693 | Orc:2    | Found Vitim's Jewellery Boutique.
 27113 | Orc:2    | Offered knowledge of Conjure Ball Lightning by Vehumet.
 27121 | Orc:2    | Learned a level 6 spell: Conjure Ball Lightning
 27715 | Orc:2    | Noticed Nessos
 27722 | Orc:2    | HP: 4/88 [Nessos/arrow (10)]
 27722 | Orc:2    | HP: 1/88 [Nessos/arrow (3)]
 27729 | Orc:2    | Shot with an arrow by Nessos

Illustrated notes

Levels and vault maps discovered:
D:1:      psy_arrival_terrarium, layout_loops_cross
D:2:      layout_basic, shapermc_ecumenical_altar_notcrosses, uniq_robin
D:3:      minmay_skewed_foursquare, layout_rooms, serial_shops, shop,
          chequers_serial_rivers_large_a, minmay_vboxes
D:4:      layout_loops_ring, gammafunk_ghost_smash
D:5:      layout_cave_pools, nicolae_qazlal_style_of_elements, serial_shops,
          nicolae_square_shop, nicolae_shop_overcharged_wands, uniq_sigmund
D:6:      layout_cave_pools, yredelemnul_altar_generic, uniq_eustachio,
          uniq_grinder
D:7:      layout_cave_pools, mainiacjoe_overflow_surrounded_room,
          minmay_temple_entry_sparse_star, enter_bailey_6
D:8:      layout_loops_ring, jmf_multi_god_temple, serial_shops, shop,
          wad_floor_pattern_untrapped, uniq_pikel
D:9:      layout_basic
D:10:     layout_loops_corners, due_lair_maze_entry_diamond, serial_shops,
          nicolae_inconvenience_store, nrook_mini_backslash,
          nicolae_stop_n_shop_1, uniq_sonja
D:11:     layout_basic, uniq_snorg
D:12:     layout_basic, david_orc_2
Temple:   sentei_temple_godly_chess
Lair:1:   layout_gridlike, hangedman_lair_generics_rect
Lair:2:   layout_hall_layers, minmay_shoals_entry_hut, lemuel_fruit_fields
Lair:3:   layout_long_grid, guppyfry_snake_entry_garden
Lair:4:   layout_roguey, portal_ice_cave_entry_imps,
          chequers_serial_rivers_small_3, chequers_serial_rivers_micro_e,
          beast_lair_carwin_5, infiniplex_staircase_pool
Orc:1:    layout_diamond_mine, basic_altar, uniq_erica
Orc:2:    st_orc_ogre_mass, layout_diamond_mine, serial_shops, shop_coins,
          minmay_orc_temple_a, uniq_nessos

Skill      XL: |  1  2  3  4  5  6  7  8  9 10 11 12 13 14 |
---------------+-------------------------------------------+-----
Conjurations   | 6 7 9 11 12 13 14 15 | 15.9
Dodging        | 3 4 5 6 |  6.0
Stealth        | 3 4 6 7 8 9 |  9.5
Spellcasting   | 3 4 5 6 7 8 9 10 | 10.3
Fighting       | 1 3 5 6 7 8 9 10 | 10.1
Hexes          | 2 |  2.0
Air Magic      | 2 6 10 12 15 | 15.9
Armour         | 2 4 5 |  5.0

Action                   |  1- 3 |  4- 6 |  7- 9 | 10-12 | 13-15 || total
-------------------------+-------+-------+-------+-------+-------++-------
Melee: Dagger            |       |    10 |     1 |       |       ||    11
       Peck              |       |     1 |       |       |     2 ||     3
       Kick              |       |     1 |     1 |       |     5 ||     7
       Whip              |       |       |       |       |     7 ||     7
       Punch             |       |       |       |       |     1 ||     1
 Fire: Sling             |     5 |    59 |   120 |    46 |   172 ||   402
 Cast: Magic Dart        |    43 |    33 |    10 |    12 |     2 ||   100
       Searing Ray       |     6 |    16 |    23 |    29 |    15 ||    89
       Fulminant Prism   |       |       |    17 |    64 |    65 ||   146
       Mephitic Cloud    |       |       |     7 |    20 |    11 ||    38
       Iskenderun's Myst |       |       |     3 |    50 |    78 ||   131
       Freezing Cloud    |       |       |       |    98 |   117 ||   215
       Maxwell's Capacit |       |       |       |       |     3 ||     3
       Conjure Ball Ligh |       |       |       |       |     6 ||     6
Evoke: Wand              |       |       |     3 |     3 |     3 ||     9
  Use: Scroll            |       |     6 |     9 |     3 |     4 ||    22
       Potion            |       |       |     1 |     1 |     4 ||     6
Armor: Robe              |     6 |     9 |     6 |    11 |     8 ||    40
Dodge: Dodged            |    12 |    32 |    79 |   103 |    77 ||   303
